[Event "Titled Tuesday Blitz January 10 Late 2023"]
[White "Skurikhin, Dmitrij"]
[Black "Leiva, Gianmarco"]
[WhiteFideId "4161297"]
[BlackFideId "3804399"]
[WhiteElo "2297"]
[BlackElo "2392"]
[Result "0-1"]
[Round "01"]
[TimeControl "180+2"]
[Date "2023.01.10"]
[WhiteClock "0:00:03"]
[BlackClock "0:00:05"]

1. d4 Nf6 2. Nf3 e6 3. c4 d5 4. Nc3 a6 5. cxd5 exd5 6. Bf4 Bd6 7. Bg3 O-O 8. e3 Bf5 9. Qb3 Bxg3 10. hxg3 Ra7 11. Be2 c6 12. a4 a5 13. O-O Nbd7 14. Nh4 Be6 15. Bd3 Ne4 16. Nf3 Nd6 17. Qc2 g6 18. b3 Re8 19. Rfc1 Ra8 20. Rab1 Bf5 21. Ne2 Bxd3 22. Qxd3 Nf6 23. Ne5 Nfe4 24. Rc2 f6 25. Nf3 Qb6 26. Nf4 Qb4 27. Nd2 Kg7 28. Nxe4 Nxe4 29. Ne2 Re7 30. Nc3 Rae8 31. Nxe4 Rxe4 32. Qc3 f5 33. Qxb4 axb4 34. Rc5 g5 35. a5 Ra8 36. Ra1 f4 37. gxf4 gxf4 38. Ra4 fxe3 39. fxe3 Rxe3 40. Rxb4 Ra7 41. Kf2 Re6 42. Kf3 Re1 43. Rb6 Rf1+ 44. Ke2 Ra1 45. b4 Ra2+ 46. Kf3 Kf7 47. b5 Ra3+ 48. Kf4 R3xa5 49. bxc6 bxc6 50. Rbxc6 Ra2 51. Ke5 Re7+ 52. Kxd5 Rxg2 53. Rc7 h5 54. Rxe7+ Kxe7 55. Rc7+ Kf6 56. Rh7 Kg6 57. Rh8 Rg5+ 58. Kd6 Kg7 59. Ra8 h4 60. Ra1 Kg6 61. d5 Kf5 62. Rf1+ Ke4 63. Rh1 Rxd5+ 64. Ke6 Rh5 65. Kf6 h3 66. Kg6 Rh8 67. Kg5 Kf3 68. Rf1+ Kg2 69. Ra1 Rf8 70. Kh4 h2 0-1


[Site "https://www.chess.com"]

[Event "Titled Tuesday Blitz January 10 Late 2023"]
[White "Jakubowski, Krzysztof"]
[Black "Cepo, Toni"]
[WhiteFideId "1112848"]
[BlackFideId "4675916"]
[WhiteElo "2486"]
[BlackElo "2145"]
[Result "1/2-1/2"]
[Round "01"]
[TimeControl "180+2"]
[Date "2023.01.10"]
[WhiteClock "0:00:21"]
[BlackClock "0:01:21"]

1. d4 Nf6 2. Nf3 d5 3. Bf4 c6 4. e3 g6 5. Nbd2 Bg7 6. h3 O-O 7. Be2 Bf5 8. O-O Ne4 9. c4 Nd7 10. cxd5 cxd5 11. Qb3 Nb6 12. Rfc1 e6 13. a4 Nxd2 14. Nxd2 Rc8 15. a5 Nd7 16. Qxb7 e5 17. dxe5 Rb8 18. Qxd5 Rxb2 19. Bf3 Nxe5 20. Bxe5 Qxd5 21. Bxd5 Rxd2 22. Bxg7 Kxg7 23. e4 Be6 24. Bxe6 fxe6 25. f3 Rfd8 26. Rc7+ R8d7 27. Rac1 Kf6 28. Kh2 a6 29. Rxd7 Rxd7 30. Rc6 Ra7 31. Kg3 h5 32. h4 Ke5 33. Rb6 Ra8 34. Kf2 Ra7 35. Ke3 Rc7 36. Rxa6 Rc2 37. f4+ Kf6 38. g3 Rc3+ 39. Kf2 Rc2+ 40. Kf3 Rc3+ 41. Kg2 Rc2+ 42. Kh3 Re2 43. e5+ Kf5 44. Ra7 Ra2 45. Rf7+ Ke4 46. Rf6 Kf3 47. Rxe6 Ra1 48. Kh2 Ra2+ 49. Kg1 Ra1+ 50. Kh2 Ra2+ 51. Kg1 Ra1+ 52. Kh2 1/2-1/2


[Site "https://www.chess.com"]

[Event "Titled Tuesday Blitz January 10 Late 2023"]
[White "Stavri, Gligor"]
[Black "Chor, Kevin"]
[WhiteFideId "4706013"]
[BlackFideId "2090740"]
[WhiteElo "1867"]
[BlackElo "1944"]
[Result "0-1"]
[Round "01"]
[TimeControl "180+2"]
[Date "2023.01.10"]
[WhiteClock "0:00:02"]
[BlackClock "0:00:22"]

1. d4 Nf6 2. c4 g6 3. Nc3 Bg7 4. e4 d6 5. Nf3 O-O 6. Be2 e5 7. Be3 Ng4 8. Bg5 f6 9. Bh4 g5 10. Bg3 Nc6 11. h4 gxh4 12. Rxh4 f5 13. dxe5 f4 14. Bh2 dxe5 15. Qxd8 Nxd8 16. g3 c6 17. Nd2 Nxh2 18. Rxh2 Ne6 19. O-O-O Nd4 20. Nf3 Nxe2+ 21. Nxe2 fxg3 22. Nxg3 Rxf3 23. Rd8+ Rf8 24. Rd6 Bg4 25. Nh5 Bxh5 26. Rxh5 Rad8 27. Re6 Rxf2 28. Rg5 Kf7 29. Rf5+ Rxf5 30. exf5 h5 31. Kc2 Rd4 32. Kc3 e4 33. Kb4 h4 34. Rg6 h3 35. Rg4 h2 36. Rh4 Be5 37. Kc5 Rd1 38. b4 h1=Q 39. Rxh1 Rxh1 40. b5 cxb5 41. a4 bxa4 42. Kd5 e3 43. Kc5 e2 44. Kd5 e1=Q 45. c5 a3 0-1


[Site "https://www.chess.com"]

[Event "Titled Tuesday Blitz January 10 Late 2023"]
[White "Hamitevici, Vladimir"]
[Black "Sohier, Julien"]
[WhiteFideId "13902393"]
[BlackFideId "645346"]
[WhiteElo "2496"]
[BlackElo "2214"]
[Result "1-0"]
[Round "01"]
[TimeControl "180+2"]
[Date "2023.01.10"]
[WhiteClock "0:00:20"]
[BlackClock "0:00:05"]

1. Nc3 e5 2. e4 Nf6 3. Bc4 Nc6 4. d3 Bb4 5. Ne2 d5 6. exd5 Nxd5 7. O-O Nxc3 8. Nxc3 O-O 9. Ne4 Bf5 10. Bg5 Be7 11. Bxe7 Qxe7 12. Re1 Rad8 13. Ng3 Be6 14. Bb5 f6 15. Bxc6 bxc6 16. Qd2 Qc5 17. Ne4 Qb6 18. Qc3 Rd4 19. Nc5 Bf7 20. b3 Rfd8 21. Re3 R8d5 22. Na4 Qb7 23. Rae1 Rd8 24. Nc5 Qb4 25. Qxb4 Rxb4 26. c4 Rbb8 27. g3 Rd4 28. Rf1 g5 29. f4 gxf4 30. gxf4 Rxf4 31. Rxf4 exf4 32. Re7 Re8 33. Rxe8+ Bxe8 34. Kf2 Bh5 35. Ne6 Kf7 36. Nd8+ Kg6 37. Nxc6 a5 38. Nxa5 Kf5 39. Nc6 Ke6 40. Nd4+ Ke5 41. Nf3+ Kd6 42. d4 c5 43. dxc5+ Kxc5 44. Nd2 Kb4 45. Ne4 Bg6 46. Nxf6 Ka3 47. c5 Kxa2 48. b4 Kb3 49. b5 Kc4 50. b6 1-0


[Site "https://www.chess.com"]

[Event "Titled Tuesday Blitz January 10 Late 2023"]
[White "Jodorcovsky Werjivker, Paulo"]
[Black "Sourath Biswas"]
[WhiteFideId "3700305"]
[BlackFideId "35091484"]
[WhiteElo "2182"]
[BlackElo "2281"]
[Result "1/2-1/2"]
[Round "01"]
[TimeControl "180+2"]
[Date "2023.01.10"]
[WhiteClock "0:00:19"]
[BlackClock "0:00:08"]

1. e4 c6 2. d4 d5 3. exd5 cxd5 4. Bd3 Nc6 5. c3 Nf6 6. Bf4 Bg4 7. Qb3 Qd7 8. Nd2 e6 9. Ngf3 Bd6 10. Bxd6 Qxd6 11. O-O O-O 12. Rae1 Ne7 13. Ne5 Bf5 14. Re3 Bxd3 15. Rxd3 b5 16. a3 a5 17. Rh3 Rfb8 18. Qc2 h6 19. Nb3 Rc8 20. Qd3 b4 21. axb4 axb4 22. Qg3 Nf5 23. Qf4 bxc3 24. bxc3 Ra3 25. Nc5 g5 26. Qc1 Ra7 27. g4 Nh4 28. f4 Rxc5 29. fxg5 Ne4 30. dxc5 Qxc5+ 31. Qe3 Qxe3+ 32. Rxe3 hxg5 33. c4 Nd2 34. Rc1 dxc4 35. Nxc4 Ndf3+ 36. Kf2 Ra2+ 37. Re2 Rxe2+ 38. Kxe2 Nxh2 39. Ne5 f6 40. Rc8+ Kg7 41. Rc7+ Kf8 42. Nd7+ Kg8 43. Nxf6+ Kf8 44. Nh7+ Ke8 45. Nxg5 Nxg4 46. Nxe6 Nf5 47. Ng7+ Nxg7 48. Rxg7 Nf6 49. Kf3 Kf8 50. Ra7 Ke8 51. Rg7 Nd7 52. Ke4 Nf8 53. Kf5 Kd8 54. Rf7 Nd7 55. Ke6 Nb8 56. Kd6 Kc8 57. Rc7+ Kd8 58. Rb7 Kc8 59. Rc7+ Kd8 60. Rh7 Kc8 61. Kc5 Nd7+ 62. Kc6 Ne5+ 63. Kd5 Nd7 64. Kd6 Nb8 65. Rc7+ 1/2-1/2


[Site "https://www.chess.com"]

[Event "Titled Tuesday Blitz January 10 Late 2023"]
[White "Djokic, Mihailo"]
[Black "Torres Dominguez, David"]
[WhiteFideId "976440"]
[BlackFideId "2220857"]
[WhiteElo "2192"]
[BlackElo "1994"]
[Result "1-0"]
[Round "01"]
[TimeControl "180+2"]
[Date "2023.01.10"]
[WhiteClock "0:00:05"]
[BlackClock "0:00:03"]

1. e4 Nc6 2. Nc3 e5 3. Nf3 Nf6 4. Bb5 Nd4 5. Ba4 Nxf3+ 6. gxf3 Bc5 7. Rg1 O-O 8. d3 d5 9. Bh6 Nh5 10. Nxd5 c6 11. Ne3 Qd6 12. Bg5 Kh8 13. Qd2 f6 14. Bh4 Nf4 15. O-O-O b5 16. Bb3 a5 17. c3 a4 18. Bc2 b4 19. Nc4 Qe7 20. d4 bxc3 21. bxc3 Ba3+ 22. Kb1 Rb8+ 23. Ka1 Be6 24. d5 cxd5 25. Nxa3 dxe4 26. Qd6 Qf7 27. Rb1 Rbd8 28. Qa6 Ra8 29. Qb7 exf3 30. Be4 Qxb7 31. Rxb7 g5 32. Rxh7+ Kg8 33. Bxg5 fxg5 34. Rxg5+ 1-0


[Site "https://www.chess.com"]

[Event "Titled Tuesday Blitz January 10 Late 2023"]
[White "Smith, Garrett L"]
[Black "Kourkoulos-Arditis, Stamatis"]
[WhiteFideId "2024829"]
[BlackFideId "4221990"]
[WhiteElo "2047"]
[BlackElo "2539"]
[Result "0-1"]
[Round "01"]
[TimeControl "180+2"]
[Date "2023.01.10"]
[WhiteClock "0:01:03"]
[BlackClock "0:01:21"]

1. e4 Nf6 2. e5 Nd5 3. d4 d6 4. Nf3 dxe5 5. Nxe5 c6 6. Be2 Bf5 7. O-O Nd7 8. f4 e6 9. g4 Be4 10. Bf3 Bxf3 11. Qxf3 Be7 12. c3 O-O 13. Be3 Nxe5 14. fxe5 c5 15. Nd2 Nxe3 16. Qxe3 cxd4 17. cxd4 Bg5 18. Qf2 Bxd2 19. Qxd2 Qd5 20. Rf4 Rac8 21. b3 Rc7 22. Raf1 Rfc8 23. Qf2 Rc2 24. Qg3 R8c7 25. R1f2 Rxf2 26. Kxf2 Rc2+ 27. Kg1 Rxa2 28. Rf3 Qxd4+ 0-1


[Site "https://www.chess.com"]

[Event "Titled Tuesday Blitz January 10 Late 2023"]
[White "Paszewski, Mateusz"]
[Black "Araujo, Everson De Moura"]
[WhiteFideId "1141058"]
[BlackFideId "22737197"]
[WhiteElo "2279"]
[BlackElo "1944"]
[Result "1-0"]
[Round "01"]
[TimeControl "180+2"]
[Date "2023.01.10"]
[WhiteClock "0:00:22"]
[BlackClock "0:00:13"]

1. Nf3 Nf6 2. g3 d5 3. Bg2 e6 4. O-O Be7 5. c4 O-O 6. b3 b6 7. Bb2 Bb7 8. cxd5 exd5 9. e3 Nbd7 10. Nc3 c5 11. d4 a6 12. dxc5 bxc5 13. Rc1 Rc8 14. Na4 Qc7 15. Ne1 Bc6 16. Nc3 Rfd8 17. Nd3 Ne4 18. Nf4 Ndf6 19. Nxe4 Nxe4 20. Qc2 Qb7 21. Rfd1 Bf6 22. Bxf6 Nxf6 23. Qxc5 Ne4 24. Qd4 Nf6 25. Rc5 Rd7 26. Rdc1 Rdc7 27. h4 Ne4 28. R5c2 f5 29. Ne6 Re7 30. Nc5 Qa8 31. Nxe4 fxe4 32. Rc5 Rd7 33. Bh3 Rdc7 34. Bxc8 Qxc8 35. Rxc6 Rxc6 36. Qxd5+ 1-0


[Site "https://www.chess.com"]

[Event "Titled Tuesday Blitz January 10 Late 2023"]
[White "Koscielski, Janusz"]
[Black "Sargsyan, Anna M."]
[WhiteFideId "4614437"]
[BlackFideId "13308130"]
[WhiteElo "2260"]
[BlackElo "2375"]
[Result "0-1"]
[Round "01"]
[TimeControl "180+2"]
[Date "2023.01.10"]
[WhiteClock "0:00:46"]
[BlackClock "0:02:21"]

1. e4 c6 2. d4 d5 3. Nc3 dxe4 4. Nxe4 Nd7 5. Bc4 Ngf6 6. Ng5 e6 7. Qe2 Nb6 8. Bb3 h6 9. N5f3 Bd6 10. Ne5 O-O 11. Ngf3 c5 12. dxc5 Bxc5 13. O-O Qc7 14. Bf4 Nbd5 15. Bg3 Bd6 16. h3 b6 17. Rfd1 Nh5 18. Bxd5 Nxg3 19. fxg3 exd5 20. Rxd5 Bb7 21. Rxd6 Qxd6 22. Rd1 Qc5+ 23. Kh2 Rfe8 24. Rd7 Bxf3 25. Qxf3 Qxe5 0-1


[Site "https://www.chess.com"]

[Event "Titled Tuesday Blitz January 10 Late 2023"]
[White "Klose, Eli"]
[Black "Stanisz, Patryk"]
[WhiteFideId "16242955"]
[BlackFideId "1123106"]
[WhiteElo "1519"]
[BlackElo "2161"]
[Result "1/2-1/2"]
[Round "01"]
[TimeControl "180+2"]
[Date "2023.01.10"]
[WhiteClock "0:00:33"]
[BlackClock "0:00:05"]

1. e4 c5 2. Nc3 Nc6 3. d3 g6 4. g3 Bg7 5. Bg2 Rb8 6. Be3 d6 7. Qd2 b5 8. Nge2 b4 9. Nd1 a5 10. O-O a4 11. Rb1 e6 12. f4 Nge7 13. g4 Ba6 14. f5 gxf5 15. exf5 Nd5 16. fxe6 fxe6 17. Nf4 Qd7 18. Nxd5 exd5 19. Bxd5 Ne5 20. h3 h5 21. g5 Qxh3 22. Qg2 Qxg2+ 23. Kxg2 Bb7 24. Bxb7 Rxb7 25. Nf2 Rf7 26. b3 axb3 27. axb3 Ke7 28. Ra1 Ke6 29. Ra6 Ng4 30. Nxg4 Rxf1 31. Kxf1 hxg4 32. Bxc5 Be5 33. Bxb4 g3 34. Bc5 Rh1+ 35. Kg2 Rh2+ 36. Kf3 Rxc2 37. d4 g2 38. dxe5 Rxc5 39. Kxg2 Rxe5 40. g6 Rg5+ 41. Kf3 Rxg6 42. Ke4 Rg4+ 43. Kd3 Kd5 44. Ra5+ Kc6 45. Rh5 Rf4 46. Kc3 Rg4 47. Kb2 Rf4 48. Ka3 Kb6 49. Rd5 Kc6 50. Rd2 d5 51. Rh2 Kc5 52. Rh8 d4 53. Rc8+ Kb5 54. Rd8 Kc5 55. Rc8+ Kb5 56. Re8 Kc5 57. Re5+ Kb6 58. Kb4 Rf3 59. Rd5 d3 60. Rd6+ Kc7 61. Rd4 Kc6 62. Kc4 Rg3 63. b4 Kb6 64. Rd6+ Kc7 65. Rd5 Kc6 66. b5+ Kb6 67. Rd6+ Kc7 68. Rd5 Kb6 69. Rd6+ Kc7 70. Rd4 Kb6 71. Kb4 Rh3 72. Kc4 Rg3 73. Rd6+ 1/2-1/2


[Site "https://www.chess.com"]

[Event "Titled Tuesday Blitz January 10 Late 2023"]
[White "Andreassen, Lars"]
[Black "Ruperez Benito, Antonio"]
[WhiteFideId "1504878"]
[BlackFideId "22245049"]
[WhiteElo "2168"]
[BlackElo "2307"]
[Result "1-0"]
[Round "01"]
[TimeControl "180+2"]
[Date "2023.01.10"]
[WhiteClock "0:01:29"]
[BlackClock "0:01:57"]

1. d4 Nf6 2. Nf3 e6 3. Bg5 c5 4. e3 cxd4 5. exd4 Qb6 6. b3 Ne4 7. Be3 Bb4+ 8. Nfd2 Nxd2 9. Nxd2 Bc3 10. Rc1 Bxd4 11. Bxd4 Qxd4 12. Bd3 Qe5+ 13. Kf1 Nc6 14. Nf3 Qc3 15. Qe2 Nb4 16. Bc4 d5 17. Bb5+ Ke7 18. a3 Nc6 19. g3 a6 20. Bxc6 bxc6 21. Kg2 Bb7 22. Rhe1 Rhd8 23. Ne5 f6 24. Nd3 g6 25. Qxe6+ Kf8 26. Qe7+ Kg8 27. Qxb7 1-0


[Site "https://www.chess.com"]

[Event "Titled Tuesday Blitz January 10 Late 2023"]
[White "Golubev, Mikhail"]
[Black "Antonio, Jorge Carlos"]
[WhiteFideId "14100983"]
[BlackFideId "113190"]
[WhiteElo "2461"]
[BlackElo "2277"]
[Result "1-0"]
[Round "01"]
[TimeControl "180+2"]
[Date "2023.01.10"]
[WhiteClock "0:00:02"]
[BlackClock "0:00:03"]

1. e4 c5 2. Nf3 e6 3. d4 cxd4 4. Nxd4 Nc6 5. Nc3 a6 6. Be3 Bb4 7. Nxc6 bxc6 8. Qd4 Bf8 9. O-O-O Nf6 10. Bc4 d5 11. Bb3 Be7 12. Ba4 Bd7 13. e5 Ng8 14. Ne4 Rb8 15. Nc5 Nh6 16. g4 Qb6 17. Nxe6 fxe6 18. Qxb6 Rxb6 19. Bxb6 Nxg4 20. f4 O-O 21. Rdf1 Rb8 22. Bc7 Rb4 23. b3 Bc5 24. Bd6 Be3+ 25. Kb1 Re4 26. h3 Nh6 27. Rf3 Nf5 28. Rhf1 Nd4 29. Rxe3 Rxe3 30. Bc5 Re4 31. Bxd4 Rxd4 32. Rf2 g6 33. Kb2 Kf7 34. Kc3 Re4 35. b4 a5 36. a3 c5 37. Bxd7 axb4+ 38. axb4 Rxb4 39. Rf1 Rc4+ 40. Kd3 Rd4+ 41. Kc3 Rc4+ 42. Kd2 Rd4+ 43. Kc1 Re4 44. Bb5 Rb4 45. Bd3 Ra4 46. c3 c4 47. Bc2 Ra3 48. Kd2 Ra2 49. Rb1 Ra3 50. Rb7+ Kg8 51. Bb1 Ra6 52. Rb8+ Kg7 53. Rb7+ Kh6 54. Re7 Rb6 55. Bc2 Ra6 56. h4 Rb6 57. h5 Kxh5 58. Rxh7+ Kg4 59. Bxg6 Kxf4 60. Bf7 Kxe5 61. Rh5+ Ke4 62. Bg8 e5 63. Kc2 Ra6 64. Bh7+ Ke3 65. Rh3+ Kf4 66. Rh4+ Kg5 67. Rh1 Ra2+ 68. Kb1 Rf2 69. Re1 Kf4 70. Bg8 d4 71. cxd4 exd4 72. Bxc4 Kf3 73. Kc1 1-0


[Site "https://www.chess.com"]

[Event "Titled Tuesday Blitz January 10 Late 2023"]
[White "Floresvillar Gonzalez, Luis Migu"]
[Black "Suder, Jakub"]
[WhiteFideId "5100542"]
[BlackFideId "1195310"]
[WhiteElo "2043"]
[BlackElo "2244"]
[Result "0-1"]
[Round "01"]
[TimeControl "180+2"]
[Date "2023.01.10"]
[WhiteClock "0:00:30"]
[BlackClock "0:00:35"]

1. e4 c5 2. d4 cxd4 3. c3 g6 4. cxd4 d5 5. exd5 Nf6 6. Nc3 Bg7 7. Bc4 O-O 8. Nf3 Nbd7 9. O-O Nb6 10. b3 Nbxd5 11. Bb2 b6 12. Re1 Bb7 13. Qe2 Re8 14. Rad1 e6 15. Ne5 Nxc3 16. Bxc3 Nd5 17. Bb2 Nf4 18. Qg4 Nxg2 19. Nxf7 Qf6 20. Rxe6 Rxe6 21. Bxe6 h5 22. Qe2 Nf4 23. Ng5+ Kh8 24. Qe5 Qxg5+ 25. Qxg5 Nh3+ 26. Kf1 Nxg5 27. Bc4 Nf3 28. h3 Rd8 29. Rd3 Nxd4 30. a4 Nc6 31. Rg3 Bxb2 32. Rxg6 Bg7 33. Rg5 Bf6 34. Rxh5+ Kg7 35. Rf5 Ne5 36. Be6 Bf3 37. Kg1 Rd1+ 38. Kh2 Bh4 39. Rxf3 Nxf3+ 40. Kg2 Ng5 41. f4 Rd2+ 42. Kf1 Nf3 43. f5 Rf2# 0-1


[Site "https://www.chess.com"]

[Event "Titled Tuesday Blitz January 10 Late 2023"]
[White "Fiorito, Joaquin"]
[Black "Kabilov, Amin"]
[WhiteFideId "180173"]
[BlackFideId "14700859"]
[WhiteElo "2405"]
[BlackElo "2207"]
[Result "1-0"]
[Round "01"]
[TimeControl "180+2"]
[Date "2023.01.10"]
[WhiteClock "0:02:39"]
[BlackClock "0:01:38"]

1. d4 Nf6 2. Nc3 g6 3. e4 d6 4. Be3 Bg7 5. Qd2 O-O 6. Bh6 c6 7. Bxg7 Kxg7 8. Nf3 b5 9. Bd3 Bg4 10. Qf4 Nbd7 11. e5 dxe5 12. dxe5 b4 13. exf6+ Nxf6 14. Ne4 Bxf3 15. Qxf3 Qd4 16. Nxf6 exf6 17. O-O-O Qc5 18. Rhe1 a5 19. Qe3 Qd5 20. Kb1 a4 21. Bxg6 1-0


[Site "https://www.chess.com"]

[Event "Titled Tuesday Blitz January 10 Late 2023"]
[White "Papp, Petra"]
[Black "Saveliev, Alexei"]
[WhiteFideId "739049"]
[BlackFideId "24128546"]
[WhiteElo "2343"]
[BlackElo "2385"]
[Result "0-1"]
[Round "01"]
[TimeControl "180+2"]
[Date "2023.01.10"]
[WhiteClock "0:00:20"]
[BlackClock "0:02:36"]

1. e4 g6 2. d4 Bg7 3. Nc3 d6 4. Be3 Nc6 5. Qd2 e5 6. Nf3 f5 7. exf5 Bxf5 8. d5 Nce7 9. Bb5+ Bd7 10. O-O Nf6 11. Bxd7+ Qxd7 12. Bg5 O-O 13. Rfe1 Nf5 14. Bxf6 Bxf6 15. Ne4 Bg7 16. c4 b6 17. Rac1 a5 18. Rc2 h6 19. a3 a4 20. h3 Kh7 21. Nh2 Rf7 22. Ng4 Raf8 23. f3 Kh8 24. Rcc1 h5 25. Ngf2 Bh6 26. Qd3 Bxc1 27. Rxc1 Nd4 28. Qd1 Qe7 29. Qxa4 Ne2+ 0-1


[Site "https://www.chess.com"]

[Event "Titled Tuesday Blitz January 10 Late 2023"]
[White "Bayo Milagro, Alvaro"]
[Black "Marin Ramirez, Gerardo"]
[WhiteFideId "22275240"]
[BlackFideId "3901068"]
[WhiteElo "2287"]
[BlackElo "2127"]
[Result "1-0"]
[Round "01"]
[TimeControl "180+2"]
[Date "2023.01.10"]
[WhiteClock "0:00:29"]
[BlackClock "0:00:18"]

1. e4 c5 2. Nf3 d6 3. Bb5+ Bd7 4. Bxd7+ Qxd7 5. O-O e6 6. c3 Nf6 7. Re1 Nc6 8. d3 Be7 9. Nbd2 O-O 10. Nf1 Rfe8 11. Ng3 Bf8 12. d4 cxd4 13. cxd4 d5 14. e5 Ne4 15. Nxe4 dxe4 16. Rxe4 Qd5 17. Re1 Red8 18. Be3 Rd7 19. a3 Rad8 20. Qc2 Rc7 21. Rac1 Rdc8 22. Qb1 h6 23. b4 a5 24. b5 Ne7 25. a4 Nf5 26. Rxc7 Rxc7 27. Rc1 Rc4 28. Rxc4 Qxc4 29. Qd1 Bb4 30. h4 Bc3 31. h5 Qb4 32. d5 exd5 33. Qxd5 Nxe3 34. fxe3 Qb1+ 35. Kh2 Qf5 36. Qxb7 Qxh5+ 37. Kg1 Bxe5 38. Qa8+ Kh7 39. Qe4+ f5 40. Qxe5 Qf7 41. b6 Qb3 42. Qxf5+ Kh8 43. Qc8+ Kh7 44. Qf5+ Kh8 45. Qc5 Qxa4 46. b7 1-0


[Site "https://www.chess.com"]

[Event "Titled Tuesday Blitz January 10 Late 2023"]
[White "Bulgurlu, Okan"]
[Black "Ju, Wenjun"]
[WhiteFideId "6352316"]
[BlackFideId "8603006"]
[WhiteElo "1908"]
[BlackElo "2550"]
[Result "0-1"]
[Round "01"]
[TimeControl "180+2"]
[Date "2023.01.10"]
[WhiteClock "0:00:23"]
[BlackClock "0:00:16"]

1. e4 c5 2. Nf3 d6 3. c3 Nf6 4. Be2 g6 5. d3 Bg7 6. O-O O-O 7. h3 Nc6 8. Be3 e5 9. Nbd2 Re8 10. a4 b6 11. d4 exd4 12. cxd4 Bb7 13. Bb5 a6 14. Bxc6 Bxc6 15. d5 Bd7 16. Qc2 h6 17. Bf4 Qc7 18. Rfe1 Nh5 19. Bh2 b5 20. g4 Nf6 21. e5 dxe5 22. Bxe5 Rxe5 23. Nxe5 Nxd5 24. Nxd7 Qxd7 25. Qxc5 Rc8 26. Qa3 Nf4 27. Ne4 bxa4 28. Rad1 Qa7 29. Qe3 Qxe3 30. Rxe3 Bxb2 31. Rf3 g5 32. h4 a3 33. hxg5 hxg5 34. Nxg5 Ne2+ 35. Kf1 Rc1 36. Rxc1 Nxc1 37. Rxa3 Bxa3 38. Ke1 Nd3+ 39. Ke2 Nf4+ 40. Kf3 Ne6 41. Ne4 Be7 42. Ke3 a5 43. f4 a4 44. f5 Nc5 45. Nc3 a3 46. Kd2 Bf6 47. Na2 Na4 48. Kc2 Bb2 49. Kb3 Nc5+ 50. Kc2 Ne4 51. Nb4 Kg7 52. Nd3 Bd4 53. Kb3 Nc5+ 54. Kxa3 Nxd3 55. Kb3 Ne5 56. Kc2 Be3 57. Kd1 Bg5 58. Ke2 Nxg4 59. Kf3 Nh6 60. Ke4 Kf6 61. Kd5 Nxf5 62. Kc4 Ne7 63. Kc5 Ke5 64. Kb6 f5 65. Kc7 f4 66. Kd8 f3 0-1


[Site "https://www.chess.com"]

[Event "Titled Tuesday Blitz January 10 Late 2023"]
[White "Karttunen, Mika"]
[Black "Osmonbekov, Talaibek"]
[WhiteFideId "502081"]
[BlackFideId "2017253"]
[WhiteElo "2490"]
[BlackElo "2137"]
[Result "1-0"]
[Round "01"]
[TimeControl "180+2"]
[Date "2023.01.10"]
[WhiteClock "0:00:15"]
[BlackClock "0:00:05"]

1. d4 e6 2. c4 f5 3. Nc3 Bb4 4. Qb3 a5 5. Bd2 Nf6 6. f3 O-O 7. Nh3 d6 8. e3 h6 9. Bd3 e5 10. a3 Bxc3 11. Bxc3 e4 12. Be2 exf3 13. gxf3 Qe8 14. Bd2 Qh5 15. Nf2 f4 16. e4 Nc6 17. Bc3 a4 18. Qc2 Bd7 19. h4 Na5 20. O-O-O Nb3+ 21. Kb1 c6 22. Nd3 d5 23. Nxf4 Qf7 24. Nd3 dxe4 25. Ne5 Qe8 26. fxe4 c5 27. Nxd7 Nxd7 28. d5 Ne5 29. Rdf1 Nd4 30. Bxd4 cxd4 31. Qd2 1-0


[Site "https://www.chess.com"]

[Event "Titled Tuesday Blitz January 10 Late 2023"]
[White "Sailer, Mike"]
[Black "Adewumi, Tanitoluwa"]
[WhiteFideId "2012901"]
[BlackFideId "30966396"]
[WhiteElo "2109"]
[BlackElo "2283"]
[Result "0-1"]
[Round "01"]
[TimeControl "180+2"]
[Date "2023.01.10"]
[WhiteClock "0:00:11"]
[BlackClock "0:00:19"]

1. d4 Nf6 2. Bf4 e6 3. e3 b6 4. c4 Bb7 5. Nc3 Bb4 6. Nf3 Bxc3+ 7. bxc3 d6 8. Bd3 Ne4 9. Qc2 f5 10. h3 O-O 11. O-O Nd7 12. a4 a5 13. Ne1 e5 14. Bh2 Qg5 15. Rc1 Rae8 16. Qe2 f4 17. f3 Ng3 18. Bxg3 Qxg3 19. Be4 Bxe4 20. fxe4 fxe3 21. Nf3 exd4 22. cxd4 Rxe4 23. c5 bxc5 24. dxc5 Nxc5 25. Rc3 Rfe8 26. Nh2 Rf4 27. Nf3 Rfe4 28. Nh2 Qe5 29. Ng4 Qxc3 30. Nf6+ gxf6 0-1


[Site "https://www.chess.com"]

[Event "Titled Tuesday Blitz January 10 Late 2023"]
[White "Martins, Bruno Andre Leite"]
[Black "Simonovic, Miroslav"]
[WhiteFideId "1942255"]
[BlackFideId "919152"]
[WhiteElo "2348"]
[BlackElo "2082"]
[Result "1-0"]
[Round "01"]
[TimeControl "180+2"]
[Date "2023.01.10"]
[WhiteClock "0:01:47"]
[BlackClock "0:00:18"]

1. e4 c5 2. Nf3 Nc6 3. d4 cxd4 4. Nxd4 a6 5. c4 e5 6. Nf5 d6 7. Ne3 Nf6 8. Nc3 Be7 9. Ned5 Be6 10. Bd3 O-O 11. O-O Rb8 12. Kh1 Nd7 13. Be3 Nc5 14. Bc2 g6 15. b4 Nd7 16. Qd2 f5 17. Nxe7+ Qxe7 18. Nd5 Bxd5 19. cxd5 Nd8 20. Bg5 Qf7 21. Bh6 Re8 22. f4 exf4 23. exf5 gxf5 24. Rxf4 Re5 25. Raf1 Qg6 26. Rxf5 Rxf5 27. Bxf5 Qe8 28. Qg5+ 1-0


[Site "https://www.chess.com"]

[Event "Titled Tuesday Blitz January 10 Late 2023"]
[White "Delaere, Jeroen"]
[Black "Janaszak, Dawid"]
[WhiteFideId "204129"]
[BlackFideId "1119206"]
[WhiteElo "2104"]
[BlackElo "2316"]
[Result "0-1"]
[Round "01"]
[TimeControl "180+2"]
[Date "2023.01.10"]
[WhiteClock "0:00:36"]
[BlackClock "0:01:13"]

1. d4 Nf6 2. c4 g6 3. Nf3 Bg7 4. g3 O-O 5. Bg2 c5 6. d5 d6 7. Nc3 e6 8. O-O exd5 9. cxd5 Bf5 10. Bf4 Ne4 11. Qb3 Qe7 12. Rae1 Na6 13. Nxe4 Bxe4 14. Nd2 Bxg2 15. Kxg2 Rad8 16. e4 Nc7 17. a4 Na6 18. Nc4 Nb4 19. e5 Nxd5 20. exd6 Nxf4+ 21. gxf4 Qh4 22. Qg3 Qf6 23. Re7 Rxd6 24. Rxb7 Rd4 25. Ne5 Rxf4 26. Nd7 Qc6+ 27. Kg1 Qxb7 28. Nxf8 Rf3 29. Qg2 Bxf8 30. Re1 Rb3 0-1


[Site "https://www.chess.com"]

[Event "Titled Tuesday Blitz January 10 Late 2023"]
[White "Andreev, Eduard"]
[Black "Kovacevic, Radmila"]
[WhiteFideId "14103400"]
[BlackFideId "933171"]
[WhiteElo "2413"]
[BlackElo "2106"]
[Result "1-0"]
[Round "01"]
[TimeControl "180+2"]
[Date "2023.01.10"]
[WhiteClock "0:00:18"]
[BlackClock "0:00:07"]

1. e4 e5 2. Nf3 d5 3. exd5 e4 4. Qe2 Nf6 5. d3 Qxd5 6. Nbd2 Be7 7. Nxe4 O-O 8. g3 Bg4 9. Bg2 Nc6 10. O-O Nd4 11. Qd1 Rad8 12. h3 Bh5 13. Nxd4 Qxd4 14. Nxf6+ Bxf6 15. Qxh5 Rfe8 16. Bxb7 Qb6 17. Bg2 Rd6 18. Rb1 Rde6 19. Be3 Rxe3 20. fxe3 Qxe3+ 21. Kh2 Qd2 22. Qd1 Qg5 23. Re1 Rd8 24. Qf3 h6 25. Re4 Qa5 26. Rg4 Kh8 27. Rf4 Rd6 28. a3 Qd2 29. Qf2 Qa5 30. Re1 Qb6 31. Re8+ Kh7 32. Be4+ g6 33. Qxb6 Rxb6 34. b3 Kg7 35. Rf3 Rd6 36. c4 c5 37. Rc8 Bd4 38. Bd5 Rf6 39. Rxf6 Kxf6 40. Kg2 g5 41. Kf3 Ke5 42. g4 Kf6 43. Rc7 1-0


[Site "https://www.chess.com"]

[Event "Titled Tuesday Blitz January 10 Late 2023"]
[White "Clawitter, Craig"]
[Black "Koutlas, Nikolaos"]
[WhiteFideId "2023105"]
[BlackFideId "25827138"]
[WhiteElo "2050"]
[BlackElo "2341"]
[Result "1-0"]
[Round "01"]
[TimeControl "180+2"]
[Date "2023.01.10"]
[WhiteClock "0:00:23"]
[BlackClock "0:01:15"]

1. e4 c5 2. Nf3 Nc6 3. d4 cxd4 4. Nxd4 Nf6 5. Nc3 d6 6. Bc4 e6 7. Be3 Be7 8. Qe2 a6 9. O-O-O Qa5 10. Bb3 O-O 11. g4 Nxd4 12. Rxd4 e5 13. Rd2 Bxg4 14. f3 Be6 15. Kb1 Rac8 16. Rg1 g6 17. Bg5 Rfd8 18. h4 Bxb3 19. axb3 Rxc3 20. bxc3 Qxc3 21. Rd3 Qc5 22. Rgd1 a5 23. h5 a4 24. hxg6 hxg6 25. Qh2 axb3 26. Rxb3 Ra8 27. Rh1 Kf8 28. Qh8+ Ng8 29. Bh6+ Ke8 30. Qxg8+ Kd7 31. Qxa8 1-0


[Site "https://www.chess.com"]